 Dungeon Crawl Stone Soup version 0.31-a0-208-gdb31a4691d (webtiles) character file.

Game seed: 7187938334471038339

35 CoordinateN the Caller (level 3, -1/24 HPs)
             Began as a Merfolk Summoner on June 28, 2023.
             Frozen to death by an endoplasm (5 damage)
             ... on level 2 of the Dungeon.
             The game lasted 00:07:19 (1330 turns).

CoordinateN the Caller (Merfolk Summoner)           Turns: 1330, Time: 00:07:20

Health: -1/24      AC:  2    Str:  8    XL:     3   Next: 35%
Magic:  6/6        EV: 13    Int: 16    God:
Gold:   67         SH:  0    Dex: 14    Spells: 3/6 levels left

rFire   . . .        e - +0 club
rCold   . . .        (no shield)
rNeg    . . .        a - +0 robe
rPois   .            (no helmet)
rElec   .            (no cloak)
rCorr   .            (no gloves)
SInv    .            (no boots)
Will    .....        (no amulet)
Stlth   ++           (no ring)
HPRegen 0.24/turn    (no ring)
MPRegen 0.10/turn

%: no passive effects
@: no status effects
A: (nimble swimmer 2), mertail
a: no special abilities


You were on level 2 of the Dungeon.
You visited 1 branch of the dungeon, and saw 2 of its levels.

You collected 67 gold pieces.

Inventory:

Hand Weapons
 e - a +0 club (weapon)
Armour
 a - a +0 robe (worn)
Scrolls
 d - a scroll of fear {unknown}
 f - 3 scrolls of teleportation {unknown}
 g - a scroll of summoning {unknown}
 i - a scroll of poison {unknown}
Potions
 b - a potion of magic
 h - a potion of might {unknown}


   Skills:
 + Level 3.3 Dodging
 + Level 2.8 Stealth
 + Level 2.4 Spellcasting
 + Level 4.2 Summonings


You had 3 spell levels left.
You knew the following spells:

 Your Spells              Type           Power      Damage    Failure   Level
a - Summon Small Mammal   Summ           60%        N/A       3%          1
b - Call Imp              Summ           30%        N/A       5%          2

Your spell library contained the following spells:

 Spells                   Type           Power      Damage    Failure   Level
 Call Canine Familiar     Summ           15%        N/A       11%         3
 Freeze                   Ice            4%         1d3       21%         1
 Summon Guardian Golem    Hex/Summ       8%         N/A       26%         3
 Frozen Ramparts          Ice            2%         1d1       52%         3
 Hailstorm                Conj/Ice       1%         3d3       52%         3
 Summon Lightning Spire   Summ/Air       8%         N/A       63%         4


Dungeon Overview and Level Annotations

Branches:
Dungeon (2/15)

Altars:


Innate Abilities, Weirdness & Mutations

((You are very nimble when in or above water. (Stealth+, EV+, Speed+++)))
Your lower body shifts to a powerful aquatic tail in water.


Message History

The adder bites your cerulean imp.
Your cerulean imp dies!
Your cerulean imp disappears in a puff of smoke!
You closely miss the adder.
The adder is almost dead.
The adder misses you.
You hit the adder.
You kill the adder!
A kobold is nearby!
You see here an adder corpse.
The kobold shouts!
You hit the kobold but do no damage. The kobold hits you with a +0 dagger.
You hit the kobold.
The kobold is moderately wounded.
The kobold hits you with a +0 dagger.
You hit the kobold.
You kill the kobold!
The quokka barely misses you. The quokka attacks as you move away!
The quokka closely misses you.
An endoplasm comes into view.
You closely miss the quokka. The quokka barely misses you.
You barely miss the quokka. The quokka misses you. The endoplasm freezes you.
You are frozen.
The quokka bites you.
You barely miss the quokka. The endoplasm barely misses you.
The quokka bites you. The endoplasm freezes you.
You are frozen.
* * * LOW HITPOINT WARNING * * *
You barely miss the quokka. The quokka bites you.
* * * LOW HITPOINT WARNING * * *
The quokka completely misses you. The endoplasm hits you.
* * * LOW HITPOINT WARNING * * *
Blink to where?
Press: ? - help, Dir - move target
As you read the scroll labelled SITAITEAFEU, it crumbles to dust.
It was a scroll of blinking.
The endoplasm freezes you.
You are frozen.
You die... ▒▒▒▒▒∙∙▒ ∙∙∙▒∙∙▒ ∙∙∙ ▒▒▒▒▒▒∙▒∙>▒▒▒▒▒▒ ∙∙∙∙ ∙∙∙∙∙∙∙∙∙∙∙∙∙∙∙∙

r∙▒
▒▒▒▒∙∙∙∙∙▒▒▒▒▒▒
K∙▒
▒▒▒∙∙∙∙∙∙▒▒▒
▒∙▒
▒∙∙∙∙∙∙∙∙∙∙∙∙
▒∙▒
▒∙▒∙∙∙∙∙▒▒▒▒▒
▒▒∙▒▒▒▒@▒▒∙∙∙∙▒
▒∙∙)%rJ∙▒▒▒∙▒∙▒
▒▒∙▒▒▒▒▒▒ ▒∙▒∙▒
▒∙▒▒▒▒▒▒▒▒∙▒∙▒
▒∙∙∙∙∙∙∙∙∙∙▒∙▒
▒%▒▒▒▒▒▒▒ ▒▒
▒∙▒ ▒∙▒ ▒∙▒


You could see an endoplasm and a quokka.

Vanquished Creatures
  An adder (D:2)
  2 dart slugs (D:1)
  A bat (D:1)
  A giant cockroach (D:1)
  A goblin (D:1)
  A hobgoblin (D:1)
  A kobold (D:2)
  2 ball pythons
10 creatures vanquished.

Vanquished Creatures (collateral kills)
  4 ball pythons (D:1)
  2 endoplasms (D:1)
  A giant cockroach (D:1)
  A hobgoblin (D:1)
  A rat (D:1)
9 creatures vanquished.

Grand Total: 19 creatures vanquished

Notes
Turn   | Place    | Note
-------+----------+-------------------------------------------
     0 | D:1      | CoordinateN the Merfolk Summoner began the quest for the
                  | Orb.
     0 | D:1      | Reached XP level 1. HP: 13/13 MP: 3/3
   339 | D:1      | Reached XP level 2. HP: 16/19 MP: 1/5
   392 | D:1      | Learned a level 2 spell: Call Imp
  1077 | D:1      | Reached XP level 3. HP: 24/24 MP: 4/6
  1330 | D:2      | Frozen to death by an endoplasm

Illustrated notes

Levels and vault maps discovered:
D:1:      minmay_arrival_cross, layout_basic, serial_glass, glass_columns_a,
          glass_columns_a
D:2:      layout_loops_ring, chequers_ecumenical_altar_lobes,
          minmay_shallow_snake_nest

Skill      XL: |  1  2 |
---------------+-------+-----
Dodging        | 3 |  3.3
Stealth        | |  2.8
Spellcasting   | |  2.4
Summonings     | |  4.2

Action                     || total
---------------------------++-------
  Melee: Unarmed           ||    27
         Club              ||    39
   Cast: Summon Small Mamm ||    11
         Call Imp          ||     7
    Use: Scroll            ||     1
   Stab: Sleeping          ||     1
 Armour: Robe              ||    14
  Dodge: Dodged            ||    50

Table legend: (Time is in decaauts)
 A = Elapsed time spent in this place.
 B = Non-inter-level travel time spent in this place.
 C = Inter-level travel time spent in this place.
 D = Time resting spent in this place.
 E = Time spent auto-exploring this place.
 F = Levels seen in this place.
 G = Mean time per level.
                   A        B        C        D        E       F      G
               +--------+--------+--------+--------+--------+-----+--------+
         Total |   1341 |   1319 |     22 |      0 |    972 |   2 |  670.5 |
       Dungeon |   1341 |   1319 |     22 |      0 |    972 |   2 |  670.5 |
               +--------+--------+--------+--------+--------+-----+--------+

Top non-repeatable levels by time:
     D:1: 1257 daAuts
     D:2: 83 daAuts
